 Dungeon Crawl Stone Soup version 0.15-a0-168-g0f93c88 (webtiles) character file.

131 Froboctopus the Magician (level 3, -3/28 HPs)
             Began as a Naga Wizard on Apr 17, 2014.
             Slain by Sigmund
             ... wielding a +4,+1 scythe of protection
              (6 damage)
             ... on Level 2 of the Dungeon.
             The game lasted 00:02:18 (1266 turns).

Froboctopus the Magician (Naga Wizard)              Turns: 1266, Time: 00:02:19

HP  -3/28        AC  9     Str  9      XL: 3   Next: 37%
MP   0/8         EV  7     Int 19      God:
Gold 95          SH  0     Dex  9      Spells:  1 memorised,  7 levels left

rFire  . . .     SeeInvis +     o - +0 dagger (venom)
rCold  . . .     Clarity  .     a - +0 robe
rNeg   . . .     Conserve .     (no shield)
rPois  +         rCorr    .     b - +0 hat
rElec  .         rRot     .     l - +2 cloak
SustAb . .       Spirit   .     (no gloves)
rMut   .         Warding  .     i - +0 naga barding
Saprov . . .     Stasis   .     (no amulet)
MR     .....                    (no ring)
                                (no ring)

@: very slightly contaminated, very slow, not resistant to hostile enchantments,
fairly stealthy
A: spit poison, see invisible, deformed body, poison resistance, slowness 2, AC
+1
a: Spit Poison


You were on level 2 of the Dungeon.
You were hungry.

You visited 1 branch of the dungeon, and saw 2 of its levels.

You collected 95 gold pieces.

Inventory:

Hand weapons
 o - a +0,+0 dagger of venom (weapon)
Armour
 a - a +0 robe (worn)
 b - a +0 hat (worn)
 i - a +0 naga barding (worn)
 l - a +2 cloak (worn)
Comestibles
 d - a bread ration
 f - 2 meat rations
 n - a pear
 q - 2 chunks of hobgoblin flesh
Scrolls
 e - a scroll of identify {unknown}
 p - a scroll of enchant armour {unknown}
 r - a scroll of remove curse {unknown}
 s - a scroll of noise {unknown}
Jewellery
 j - an uncursed ring of fire
Potions
 g - a potion of haste {unknown}
 h - 3 potions of curing {unknown}
 k - a potion of might {unknown}
 m - a potion of resistance {unknown}
Books
 c - a book of Minor Magic

   Spells                             Type                      Level
   *Magic Dart                        Conjuration                  1
   Blink                              Translocation                2
   Call Imp                           Summoning                    2
   Repel Missiles                     Charms/Air                   2
   Slow                               Hexes                        2
   Conjure Flame                      Conjuration/Fire             3
   Mephitic Cloud                     Conjuration/Poison/Air       3


   Skills:
 - Level 1.5 Dodging
 - Level 3.0 Stealth
 + Level 3.3 Spellcasting
 * Level 2.6 Conjurations
   Level 1.0 Summonings
   Level 1.0 Translocations


You had 7 spell levels left.
You knew the following spells:

 Your Spells              Type           Power        Failure   Level  Hunger
a - Magic Dart            Conj           ##..         6%          1    None


Dungeon Overview and Level Annotations

Branches:
Dungeon (2/15)

Altars:
Xom

Annotations:
D:2 Sigmund


Innate Abilities, Weirdness & Mutations

You cannot wear boots.
You can spit poison.
Your serpentine skin is tough (AC +1).
You have supernaturally acute eyesight.
Armour fits poorly on your strangely shaped body.
Your system is resistant to poisons.
You cover ground very slowly.


Message History

Unknown command.
You aren't carrying any items that can be evoked.
Unknown command.
You barely miss Sigmund.
Sigmund is heavily wounded.
Sigmund barely misses you.
Use which ability? (? or * to list)
Press: ? - help, Shift-Dir - straight line, f/p - Sigmund
Aim: Sigmund, wielding a glowing scythe and wearing a robe (heavily wounded, poisoned, slightly transparent)
The splash of poison hits Sigmund.
Sigmund looks even sicker.
Sigmund is heavily wounded.
You feel slightly more hungry. Sigmund hits you with a glowing scythe.
* * * LOW HITPOINT WARNING * * *
You hit Sigmund but do no damage.
Sigmund looks even sicker.
Sigmund is heavily wounded.
You hit Sigmund.
Sigmund is severely wounded.
You have got your breath back.
Sigmund hits you with a glowing scythe.
You die...

(..##.....##...............
.............#####...#####
#########.#### #...# #.#
#...# #.# #...# #.#
###...### #.# #.......# #.#
#.##.##.## #.# ###@##.....#
..# ##.#@.......#
####._.........#
#...#.#.#.......
#.#####.#......# #.#
#.#.....## #@# ##.......#
#.# #.####.### #.##...###.#


You could see Sigmund (invisible).

Vanquished Creatures
  A gnoll (D:1)
  5 hobgoblins
  A quokka (D:2)
  3 bats (D:1)
  2 giant cockroaches (D:1)
  6 goblins (D:1)
  2 kobolds (D:1)
  5 rats (D:1)
25 creatures vanquished.

Notes
Turn   | Place    | Note
--------------------------------------------------------------
     0 | D:1      | Froboctopus, the Naga Wizard, began the quest for the Orb.
     0 | D:1      | Reached XP level 1. HP: 15/15 MP: 4/4
   245 | D:1      | Reached XP level 2. HP: 10/22 MP: 0/6
   712 | D:1      | Reached XP level 3. HP: 11/28 MP: 0/8
  1219 | D:2      | Found a shimmering altar of Xom.
  1233 | D:2      | Noticed Sigmund
  1266 | D:2      | Slain by Sigmund

Action                   || total
-------------------------++-------
Melee: Dagger            ||    59
       Unarmed           ||     7
 Cast: Magic Dart        ||    52
 Abil: Spit Poison       ||     2
